 Dungeon Crawl Stone Soup version 0.31-a0-339-gda1cbd555d (webtiles) character file.

Game seed: 3747300989335260705

496 Nattfarinn the Changeling (level 7, -8/43 HPs)
             Began as an Octopode Shapeshifter on July 20, 2023.
             Mangled by Menkaure (21 damage)
             ... on level 4 of the Dungeon.
             The game lasted 00:06:17 (3281 turns).

Nattfarinn the Changeling (Octopode Shapeshifter)   Turns: 3281, Time: 00:06:17

Health: -8/43      AC:  1    Str: 16    XL:     7   Next: 15%
Magic:  7/7        EV: 13    Int: 11    God:
Gold:   182        SH:  0    Dex: 12    Spells: 6/6 levels left

rFire   . .          .
                       - Unarmed
rCold   . . .        (no shield)
rNeg    . . .        (helmet currently unavailable)
rPois   .            (no amulet)
rElec   .            (no ring)
rCorr   .            (no ring)
SInv    .            (no ring)
Will    .....        (no ring)
Stlth   ++           (no ring)
HPRegen 0.27/turn    (no ring)
MPRegen 0.10/turn    (no ring)
                     (no ring)

%: no passive effects
@: beast-form
A: beast (slay +4), almost no armour, amphibious, 8 rings, camouflage 1,
gelatinous body 1, (nimble swimmer 1), tentacles
a: Begin Untransformation


You were on level 4 of the Dungeon.
You were a hulking beast.
You visited 1 branch of the dungeon, and saw 4 of its levels.

You collected 182 gold pieces.

Inventory:

Magical Staves
 u - a staff of poison
Talismans
 b - a beast talisman
 m - a serpent talisman
Wands
 r - a wand of flame (23)
Scrolls
 e - a scroll of noise
 f - a scroll of enchant weapon {unknown}
 h - a scroll of teleportation {unknown}
 j - 2 scrolls of blinking
 l - 2 scrolls of vulnerability {unknown}
 n - 2 scrolls of amnesia {unknown}
 o - a scroll of revelation {unknown}
 p - a scroll of fear {unknown}
 v - a scroll of torment {unknown}
Potions
 a - 2 potions of lignification
 c - 2 potions of heal wounds
 d - a potion of magic {unknown}
 g - a potion of brilliance
 i - a potion of degeneration {unknown}
 k - a potion of attraction {unknown}
 q - 2 potions of curing {unknown}
 s - 2 potions of haste {unknown}
 t - a potion of enlightenment {unknown}


   Skills:
 - Level 1.0 Fighting
 - Level 2.0 Dodging
 + Level 4.0 Unarmed Combat
 - Level 6.4 Shapeshifting


You had 6 spell levels left.
You didn't know any spells.
Your spell library contained the following spells:

 Spells                   Type           Power      Damage    Failure   Level
 Inner Flame              Hex/Fire       0%         N/A       71%         3
 Flame Wave               Conj/Fire      0%         2d4       98%         4
 Sticky Flame             Conj/Fire      0%         2d3       98%         4


Dungeon Overview and Level Annotations

Branches:
Dungeon (4/15)
 Temple: D:4-7

Altars:
Makhleb
Qazlal
Zin

Annotations:
D:4 Menkaure


Innate Abilities, Weirdness & Mutations

You are a hulking beast.
Your limbs bulge with bestial killing power. (Slay +4)
You cannot wear most types of armour.
You are amphibious.
You can wear up to eight rings at the same time.
Your skin changes colour to match your surroundings (Stealth+).
Your rubbery body absorbs attacks. (AC +1, EV +1)
((You are camouflaged when in or above water. (Stealth+)))
You have tentacles for arms and can constrict up to eight enemies at once.


Message History

You bludgeon the ogre!
The ogre is moderately wounded.
You tentacle-slap the ogre.
The ogre is moderately wounded.
The ogre misses you.
You tentacle-slap the ogre.
The ogre is heavily wounded.
The ogre hits you with a +0 giant club!
You tentacle-slap the ogre. Your squeeze misses the ogre.
The ogre is severely wounded.
You bludgeon the ogre!
The ogre is almost dead.
The ogre closely misses you.
You tentacle-slap the ogre.
You kill the ogre!
Your Unarmed Combat skill increases to level 4!
You have reached level 7!
You open the door.
Menkaure, Prince of Dust comes into view.
You close the door.
Okay, then.
As you open the door, it creaks loudly!
Menkaure shouts!
Found a scroll labelled QOTE VYCSIMO.
Menkaure says, "Why can't you leave me to my rest?"
There is an open door here.
Menkaure casts a spell.
Menkaure seems to speed up.
Menkaure murmurs, "It doesn't hurt if you pull your brain out of your nose yourself."
Menkaure hits you!
You completely miss Menkaure. You grab Menkaure. You constrict Menkaure.
Menkaure hits you!
You bludgeon Menkaure!
Menkaure is moderately damaged.
You constrict Menkaure. Menkaure barely misses you.
You barely miss Menkaure.
Menkaure is heavily damaged.
You constrict Menkaure. Menkaure casts a spell at you.
Pain shoots through your body! Menkaure hits you!!
You die...

...# ##.#####.# ##.#
#(......# #.# #.#######
##.# ##'## ##.# ##...##
# ##.# ##.....## #.#
##.###.......## ..?#
...##.........####....##
....+.........'.hM......
.####....)....#.........
## ##.......##.........
# ##.....###......... #
##...## ####...### #
##+## ^..# # #.# ...# #
#.# #.## #########.##


You could see Menkaure (fast).

Vanquished Creatures
  Sigmund (D:2)
  An ogre (D:4)
  A gnoll sergeant (D:4)
  Ijyb (D:3)
  A mummy (D:4)
  7 gnolls
  3 adders
  2 worms (D:3)
  A dart slug (D:2)
  3 orcs
  6 ball pythons
  4 bats (D:1)
  6 endoplasms
  2 giant cockroaches (D:1)
  3 goblins
  6 hobgoblins
  A quokka (D:2)
  2 hobgoblin zombies (D:4)
  3 kobolds
  2 orc zombies (D:4)
  7 rats
63 creatures vanquished.

Notes
Turn   | Place    | Note
-------+----------+-------------------------------------------
     0 | D:1      | Nattfarinn the Octopode Shapeshifter began the quest for
                  | the Orb.
     0 | D:1      | Reached XP level 1. HP: 13/13 MP: 1/1
   329 | D:1      | Reached XP level 2. HP: 18/18 MP: 2/2
   979 | D:2      | Reached XP level 3. HP: 18/23 MP: 3/3
  1140 | D:2      | Noticed Sigmund
  1147 | D:2      | Killed Sigmund
  1148 | D:2      | Reached skill level 5 in Shapeshifting
  1148 | D:2      | Reached XP level 4. HP: 22/28 MP: 4/4
  1148 | D:2      | Reached XP level 5. HP: 26/33 MP: 5/5
  2168 | D:3      | Found a burning altar of Makhleb.
  2170 | D:3      | Found a stormy altar of Qazlal.
  2170 | D:3      | Found a glowing silver altar of Zin.
  2198 | D:3      | Reached XP level 6. HP: 34/38 MP: 6/6
  2220 | D:3      | Noticed Ijyb
  2236 | D:3      | Killed Ijyb
  2569 | D:4      | Reached skill level 6 in Shapeshifting
  3186 | D:4      | Reached XP level 7. HP: 20/43 MP: 7/7
  3273 | D:4      | Noticed Menkaure
  3281 | D:4      | Mangled by Menkaure

Illustrated notes

Levels and vault maps discovered:
D:1:      matt_arrival_los_fun, layout_loops_ring
D:2:      layout_basic, uniq_sigmund
D:3:      layout_loops_ring, gammafunk_temple_overflow_forgotten, uniq_ijyb
D:4:      layout_loops_corners, minmay_mini_ossuary, uniq_edmund, uniq_menkaure,
          uniq_duvessa

Skill      XL: |  1  2  3  4  5  6 |
---------------+-------------------+-----
Shapeshifting  | 5 6 |  6.4
Unarmed Combat | 4 |  4.0
Fighting       | |  1.0
Dodging        | |  2.0

Action                     |  1- 3 |  4- 6 |  7- 9 || total
---------------------------+-------+-------+-------++-------
  Melee: Unarmed           |    45 |    83 |     3 ||   131
         Constrict         |    14 |    21 |     1 ||    36
         Tentacles         |     5 |    21 |       ||    26
         Punch             |     3 |     1 |       ||     4
    Use: Scroll            |       |     4 |       ||     4
         Potion            |       |     2 |       ||     2
   Stab: Sleeping          |     6 |     3 |       ||     9
         Distracted        |     1 |       |       ||     1
 Armour: Skin              |     3 |     4 |       ||     7
  Dodge: Dodged            |    19 |    40 |     1 ||    60

Table legend: (Time is in decaauts)
 A = Elapsed time spent in this place.
 B = Non-inter-level travel time spent in this place.
 C = Inter-level travel time spent in this place.
 D = Time resting spent in this place.
 E = Time spent auto-exploring this place.
 F = Levels seen in this place.
 G = Mean time per level.
                   A        B        C        D        E       F      G
               +--------+--------+--------+--------+--------+-----+--------+
         Total |   3278 |   3197 |     81 |    179 |   2541 |   4 |  819.5 |
       Dungeon |   3278 |   3197 |     81 |    179 |   2541 |   4 |  819.5 |
               +--------+--------+--------+--------+--------+-----+--------+

Top non-repeatable levels by time:
     D:3: 956 daAuts
     D:1: 947 daAuts
     D:2: 827 daAuts
     D:4: 546 daAuts
